 Dungeon Crawl Stone Soup version 0.22-b1-26-g9dbaab1 (webtiles) character file.

43 dracos369 the Magician (level 3, -6/24 HPs)
             Began as a Demonspawn Wizard on Aug 8, 2018.
             Mangled by a gnoll shaman
             ... wielding a +0 whip
              (12 damage)
             ... on level 2 of the Dungeon.
             The game lasted 00:12:23 (1377 turns).

dracos369 the Magician (Demonspawn Wizard)          Turns: 1377, Time: 00:12:24

Health: -6/24      AC:  4    Str:  8    XL:     3   Next: 37%
Magic:  2/8        EV: 12    Int: 19    God:
Gold:   32         SH:  0    Dex: 11    Spells: 4/9 levels left

rFire    . . .     SeeInvis .   m - +0 short sword
rCold    . . .     Gourm    .   (no shield)
rNeg     . . .     Faith    .   a - +0 robe
rPois    .         Spirit   .   b - +0 hat
rElec    .         Reflect  .   (no cloak)
rCorr    .         Harm     .   (no gloves)
MR       .....                  (no boots)
Stlth    ++........             (no amulet)
HPRegen  0.08/turn              (no ring)
MPRegen  0.11/turn              (no ring)

@: no status effects
A: thin metallic scales 1
a: no special abilities


You were on level 2 of the Dungeon.
You were hungry.

You visited 1 branch of the dungeon, and saw 2 of its levels.

You collected 32 gold pieces.

Inventory:

Hand Weapons
 f - a +0 club
 m - a +0 short sword (weapon)
Armour
 a - a +0 robe (worn)
 b - a +0 hat (worn)
 i - a +0 buckler
Scrolls
 c - a scroll of enchant armour {unknown}
 e - a scroll of teleportation {unknown}
 j - 2 scrolls of remove curse {unknown}
 k - a scroll of immolation {unknown}
 l - a scroll of identify {unknown}
 n - a scroll of fear {unknown}
 o - a scroll of enchant weapon {unknown}
Potions
 g - a potion of brilliance {unknown}
 h - a potion of curing {unknown}
Comestibles
 d - 4 rations
 p - a chunk of flesh


   Skills:
 - Level 1.8 Dodging
 - Level 1.7 Stealth
 + Level 3.8 Spellcasting
 * Level 1.9 Conjurations
 + Level 1.2 Summonings
 - Level 0.8 Translocations


You had 4 spell levels left.
You knew the following spells:

 Your Spells              Type           Power        Failure   Level  Hunger
a - Magic Dart            Conj           ##..         6%          1    None
b - Blink                 Tloc           N/A          16%         2    ##.....
i - Call Imp              Summ           #.......     13%         2    ##.....

Your spell library contained the following spells:

 Spells                   Type           Power        Failure   Level  Hunger
 Conjure Flame            Conj/Fire      #.......     28%         3    ###....
 Slow                     Hex            #.......     22%         2    ##.....
 Mephitic Cloud           Conj/Pois/Air  #.......     32%         3    ###....


Dungeon Overview and Level Annotations

Branches:
Dungeon (2/15)

Altars:


Innate Abilities, Weirdness & Mutations

You are partially covered in thin metallic scales. (AC +2)


Message History

The gnoll dies!
Something barely misses your crimson imp.
A rat comes into view.
Your crimson imp blinks!
You barely miss the worm.
A gnoll comes into view. It is wielding a spear.
The worm barely misses you.
A gnoll comes into view. It is wielding a halberd.
You hit the worm.
The worm is lightly wounded.
The gnoll shaman hits you with a whip!
A gnoll comes into view. It is wielding a spear.
The gnoll shaman calls upon its god to speed up the gnoll.
The gnoll seems to speed up.
You hit the gnoll shaman but do no damage.
The worm bites you!
* * * LOW HITPOINT WARNING * * *
The gnoll shaman hits you with a whip!
Ouch! That really hurt!
You die...

.# .. # g## .##
g.. ...# #.#
#.... . #g##..#
).# ###.r..#
#...######.5gw###
#...#.5..##@#
#...#####.#
##..#######
#......#
#..###### #.# ...
.## .


You could see a gnoll shaman, a worm, 3 gnolls, a rat and a friendly crimson
imp.

Vanquished Creatures
  2 oozes (D:1)
  2 dart slugs (D:1)
  A ball python (D:1)
  3 goblins (D:1)
  3 hobgoblins (D:1)
  A jackal (D:1)
  6 kobolds (D:1)
  2 bats (D:1)
  3 frilled lizards (D:1)
  3 rats
26 creatures vanquished.

Vanquished Creatures (collateral kills)
  A gnoll (D:2)
1 creature vanquished.

Grand Total: 27 creatures vanquished

Notes
Turn   | Place    | Note
-------+----------+-------------------------------------------
     0 | D:1      | dracos369 the Demonspawn Wizard began the quest for the Orb.
     0 | D:1      | Reached XP level 1. HP: 13/13 MP: 4/4
   407 | D:1      | Gained mutation: You are partially covered in thin metallic scales. (AC +2) [demonic ancestry]
   407 | D:1      | Reached XP level 2. HP: 19/19 MP: 4/6
   830 | D:1      | Learned a level 2 spell: Call Imp
   833 | D:1      | Learned a level 2 spell: Blink
   959 | D:1      | Reached XP level 3. HP: 24/24 MP: 1/8
  1377 | D:2      | Mangled by a gnoll shaman

Action                   || total
-------------------------++-------
Melee: Unarmed           ||     8
       Club              ||    33
       Short sword       ||    19
 Cast: Magic Dart        ||    49
       Call Imp          ||     3
 Stab: Sleeping          ||     1
  Eat: Chunk             ||     1
Armor: Robe              ||    15
Dodge: Dodged            ||    35
